cohdb
Replays
Latest Replays
All Replays
Popular Replays
Top Player Replays
Match Explorer
How It Works
Community
CoH3 Stats
Reddit
Sign in to upload your games and track your stats! →
Sign in with Steam
Match 42782752
Unlisted
Match 42782752
Overview
Messages
Build Orders
End
Construct Weapon Support Center
Engineer Squad
Selects Heavy Weapons
M1919 Machine Gun Team
Bazooka Squad
Engineer Squad
Infantry Support Center
.30 cal Machine Gun
M3 Armored Personnel Carrier
Selects Assault Carriers
Engineer Squad
Bazooka Squad
Bazooka Squad
.30 cal Machine Gun
M3 Assault Carrier
Construct Tank Depot
M3 Assault Carrier
.30 cal Machine Gun
.30 cal Machine Gun
Forward Retreat Point
Emma from Human Resources
Tok3n x Operator
charley_boots
PzLock
4YLLI兀4H
Mr.Shcribbles
Mr Hilter
Feuerteufel
0
0
Comments
sign in to comment!
No comments posted yet!